 Dungeon Crawl Stone Soup version 0.22-a0-283-g1871b15 (webtiles) character file.

88 b5mith the Skirmisher (level 4, -6/41 HPs)
             Began as a Minotaur Berserker on Mar 19, 2018.
             Was a Believer of Trog.
             Killed by nerve-wracking pain
             ... invoked by an orc priest
              (14 damage)
             ... on level 2 of the Dungeon.
             The game lasted 00:04:25 (1354 turns).

b5mith the Skirmisher (Minotaur Berserker)          Turns: 1354, Time: 00:04:26

Health: -6/41      AC:  6    Str: 23    XL:     4   Next: 30%
Magic:  3/3        EV: 11    Int:  4    God:    Trog [**....]
Gold:   19         SH:  0    Dex:  9    Spells: 3/3 levels left

rFire    . . .     SeeInvis .   a - +0 falchion
rCold    . . .     Gourm    .   (no shield)
rNeg     . . .     Faith    .   n - +0 scale mail
rPois    .         Spirit   .   (helmet restricted)
rElec    .         Reflect  .   (no cloak)
rCorr    .         Harm     .   (no gloves)
MR       .....                  (no boots)
Stlth    ..........             (no amulet)
HPRegen  0.13/turn              (no ring)
MPRegen  0.08/turn              (no ring)

@: lethally poisoned (-6 -> -13)
A: retaliatory headbutt, horns 2
a: Berserk, Trog's Hand, Renounce Religion


You were on level 2 of the Dungeon.
You worshipped Trog.
Trog was pleased with you.
You were not hungry.

You visited 1 branch of the dungeon, and saw 2 of its levels.

You collected 19 gold pieces.

Inventory:

Hand Weapons
 a - a +0 falchion (weapon)
Armour
 b - a +0 animal skin
 n - a +0 scale mail (worn)
Scrolls
 e - a scroll of amnesia {unknown}
 f - a scroll of magic mapping {unknown}
 g - a scroll of blinking {unknown}
 h - 2 scrolls of fear {unknown}
 i - a scroll of identify {unknown}
 j - a scroll of fog {unknown}
 k - 4 scrolls of remove curse {unknown}
 m - a scroll of enchant armour {unknown}
Potions
 l - a potion of cancellation {unknown}
 o - a potion of brilliance {unknown}
Comestibles
 c - 5 rations
 d - 6 chunks of flesh


   Skills:
 + Level 4.4 Fighting
 + Level 4.3 Long Blades
 + Level 3.4 Armour
 + Level 3.2 Dodging


You had 3 spell levels left.
You didn't know any spells.

Dungeon Overview and Level Annotations

Branches:
Dungeon (2/15)

Altars:


Innate Abilities, Weirdness & Mutations

You reflexively headbutt those who attack you in melee.
You have a pair of horns on your head.


Message History

Pain shoots through your body!
* * * LOW HITPOINT WARNING * * *
An orc comes into view.
You slash the orc priest!
The orc priest is heavily wounded.
The orc priest hits you with a rapier of venom.
* * * LOW HITPOINT WARNING * * *
You are poisoned.
An orc comes into view. It is wielding a flail.
You closely miss the orc priest.
The orc priest is heavily wounded.
* * * LOW HITPOINT WARNING * * *
You feel sick. The orc priest barely misses you.
You hit the orc priest. Your headbutt misses the orc priest.
The orc priest is heavily wounded.
* * * LOW HITPOINT WARNING * * *
You feel sick.
The orc priest mumbles some strange prayers to Beogh against you.
Pain shoots through your body!
You die...

..##.............#
..##.............#
..##..###........###
..##....###........#
..###.....###....#%#
..###..... ###..#.#
...#......###....#...#
.)......# #......###.###
#>.##.###..(###.@.......
..## ....# #..oo####...
.## .# #......# ..... .#
?......o# .... #
##....... #.## #
###....o # ###... ###
.... ...#. ..# ##....


You could see an orc priest and 3 orcs.

Vanquished Creatures
  2 adders (D:2)
  A worm (D:2)
  2 dart slugs (D:2)
  A giant cockroach (D:1)
  4 goblins
  8 hobgoblins
  15 jackals
  7 kobolds
  A ball python (D:2)
  4 bats
  2 frilled lizards (D:1)
  10 rats
57 creatures vanquished.

Notes
Turn   | Place    | Note
-------+----------+-------------------------------------------
     0 | D:1      | b5mith the Minotaur Berserker began the quest for the Orb.
     0 | D:1      | Reached XP level 1. HP: 19/19 MP: 0/0
   186 | D:1      | Reached XP level 2. HP: 21/27 MP: 1/1
   521 | D:1      | Reached ** piety under Trog
   532 | D:1      | Reached XP level 3. HP: 27/33 MP: 2/2
  1173 | D:2      | Reached XP level 4. HP: 37/41 MP: 3/3
  1354 | D:2      | Killed from afar by an orc priest

Vault maps used:
D:1:      saegor_arrival_simple_c, kennysheep_pointless_box
D:2:      minmay_unequal

Skill      XL: |  1  2  3 |
---------------+----------+-----
Fighting       | 4 |  4.4
Long Blades    | 4 |  4.3
Armour         | 3 |  3.4
Dodging        | 3 |  3.2

Action                   |  1- 3 |  4- 6 || total
-------------------------+-------+-------++-------
Melee: Falchion          |    87 |    23 ||   110
       Headbutt          |     7 |     2 ||     9
Invok: Berserk           |       |     1 ||     1
 Stab: Sleeping          |     3 |       ||     3
  Eat: Chunk             |     1 |     2 ||     3
Armor: Animal skin       |     8 |       ||     8
       Scale mail        |    14 |    19 ||    33
Dodge: Dodged            |    54 |    18 ||    72
       Rpst.: Falchion   |    10 |     4 ||    14

Table legend:
 A = Spawn XP
 B = Non-spawn XP
 C = Spawn XP percentage of total XP
 D = Spawn monster count
 E = Non-spawn monster count
 F = Spawn count percentage of total count
 G = Total turns spent on level
                    A         B        C        D         E        F      G
               +---------+---------+-------+---------+---------+-------+---------
         Total |       0 |     127 |   0.0 |       0 |      57 |   0.0 |  1354
               +---------+---------+-------+---------+---------+-------+---------
           D:1 |       0 |      54 |   0.0 |       0 |      34 |   0.0 |   990
           D:2 |       0 |      73 |   0.0 |       0 |      23 |   0.0 |   364
               +---------+---------+-------+---------+---------+-------+---------
